 Dungeon Crawl Stone Soup version 0.28.0-43-g3370ac3207 (webtiles) character file.

Game seed: 6043438178667890203

32 cbfl8 the Skirmisher (level 3, 0/29 HPs)
             Began as a Vampire Abyssal Knight on Mar 15, 2022.
             Was a Believer of Lugonu.
             Slain by Crazy Yiuf
             ... wielding a +2 quarterstaff of chaos
              (5 damage)
             ... on level 2 of the Dungeon.
             The game lasted 00:05:35 (1556 turns).

cbfl8 the Skirmisher (Vampire Abyssal Knight)       Turns: 1556, Time: 00:05:36

Health: 0/29       AC:  8    Str: 14    XL:     3   Next: 8%
Magic:  4/4        EV: 11    Int: 12    God:    Lugonu [**....]
Gold:   59         SH:  3    Dex: 14    Spells: 2/2 levels left

rFire   . . .      SeeInvis +   d - +2 hand axe (vorpal)
rCold   . . .      Faith    .   f - +0 buckler
rNeg    . . .      Spirit   .   k - +0 chain mail
rPois   .          Reflect  .   (no helmet)
rElec   .          Harm     .   (no cloak)
rCorr   .          Rampage  .   (no gloves)
Will    .....                   (no boots)
Stlth   ..........              (no amulet)
HPRegen 0.29/turn               (no ring)
MPRegen 0.09/turn               (no ring)

@: agile, lethally poisoned (0 -> -1), healing quickly
A: alive, fangs 3, see invisible, vampiric 2
a: Exsanguinate, Renounce Religion, Depart the Abyss, Bend Space


You were on level 2 of the Dungeon.
You worshipped Lugonu.
Lugonu was pleased with you.
You visited 1 branch of the dungeon, and saw 2 of its levels.
You visited the Abyss 1 time.

You collected 59 gold pieces.

Inventory:

Hand Weapons
 a - a +1 falchion
 d - a +2 vorpal hand axe (weapon)
Armour
 b - a +0 leather armour
 f - a +0 buckler (worn)
 h - a +0 ring mail
 k - a +0 chain mail (worn)
Jewellery
 i - a ring of see invisible
 l - a +6 ring of dexterity
Wands
 m - a wand of iceblast (8)
Scrolls
 e - a scroll of noise {unknown}
 g - a scroll of fear {unknown}
 j - a scroll of identify {unknown}
 n - a scroll of immolation {unknown}
Potions
 c - 3 potions of cancellation {unknown}


   Skills:
 + Level 3.2 Fighting
 + Level 2.2 Long Blades
 + Level 0.1 Axes
 + Level 1.0 Armour
 + Level 2.5 Dodging
 + Level 0.4 Stealth
 + Level 1.8 Invocations


You had 2 spell levels left.
You didn't know any spells.
Your spell library was empty.

Dungeon Overview and Level Annotations

Branches:
Dungeon (2/15)

Altars:

Annotations:
D:2 Crazy Yiuf


Innate Abilities, Weirdness & Mutations

Your natural rate of healing is accelerated.
You have razor-sharp teeth.
You have supernaturally acute eyesight. (SInv)
You are afflicted with vampirism and can become a bat while bloodless.


Message History

Lugonu accepts your kill.
You see here a hobgoblin corpse.
You see here a hobgoblin corpse.
There is a stone staircase leading down here.
You see here a +0 whip.
There is an open door here.
There is an open door here.
You now have 59 gold pieces (gained 5).
n - a scroll labelled XAOWNO JUPLAANN
There is an open door here.
There is an open door here.
There is an open door here.
There is an open door here.
Crazy Yiuf yells, "Goldfish sing-song snail!"
You open the door. You hit Crazy Yiuf but do no damage.
Crazy Yiuf hits you with a +2 quarterstaff of chaos.
You are confused.
You feel less confused.
You hit Crazy Yiuf.
Crazy Yiuf is moderately wounded.
Crazy Yiuf sings, "Trees, trees, trees, circus!"
Crazy Yiuf closely misses you.
You slash Crazy Yiuf!
Crazy Yiuf is severely wounded.
Crazy Yiuf hits you with a +2 quarterstaff of chaos.
You feel agile all of a sudden.
Crazy Yiuf hits you with a +2 quarterstaff of chaos!
* * * LOW HITPOINT WARNING * * *
You are poisoned.
Okay, then.
You feel sick. Crazy Yiuf barely misses you.
You begin bloodletting.
You continue bloodletting.
You feel sick. Crazy Yiuf closely misses you.
You continue bloodletting.
You feel sick.
Crazy Yiuf hits you with a +2 quarterstaff of chaos.
Keep bloodletting?
You stop emptying yourself of blood.
You die...

#####'#####.#
#.......#.#.#
#.........#.# ##
#.......#.#.# #.
#..<..####### #.
#.....# ##### #.
#.)...##♣♣♣♣♣ #...#
#. #......#..♣.♣♣♣
### #...# #.
####.......♣.@♣#...#
#...# #.
#......♣♣♣♣g'...#
#...# #. ##..#.♣♣
♣♣#..)# #...# #.
####♣♣ ### #...# #.
#...# ## #...# #
#######...# #
#.........# #
#.#############


You could see Crazy Yiuf.

Vanquished Creatures
  4 ball pythons
  An endoplasm (D:2)
  4 giant cockroaches (D:1)
  5 goblins
  8 hobgoblins
  2 bats
  A frilled lizard (D:1)
25 creatures vanquished.

Notes
Turn   | Place    | Note
-------+----------+-------------------------------------------
     0 | Abyss:1  | cbfl8 the Vampire Abyssal Knight began the quest for the
                  | Orb.
     0 | Abyss:1  | Reached XP level 1. HP: 17/17 MP: 2/2
    67 | D:1      | Escaped the Abyss
   105 | D:1      | You fall into a shaft and drop 1 floor!
   277 | D:2      | Reached XP level 2. HP: 23/23 MP: 3/3
   287 | D:2      | Found a faded altar of an unknown god.
   324 | D:1      | Reached skill level 3 in Fighting
   610 | D:1      | Reached skill level 1 in Armour
   619 | D:1      | Reached ** piety under Lugonu
   656 | D:1      | Gained mutation: You are afflicted with vampirism and can
                  | become a bat while bloodless. [Vampire growth]
   656 | D:1      | Reached XP level 3. HP: 29/29 MP: 4/4
  1083 | D:2      | Found a runed translucent door.
  1084 | D:2      | Noticed Crazy Yiuf
  1556 | D:2      | Slain by Crazy Yiuf

Illustrated notes

Levels and vault maps discovered:
D:1:      psy_arrival_radial01, layout_rooms
D:2:      layout_basic, shapermc_ecumenical_altar_totnotflames,
          uniq_crazy_yiuf_cottage

Skill      XL: |  1  2 |
---------------+-------+-----
Fighting       | 3 |  3.2
Armour         | 1 |  1.0
Long Blades    | |  2.2
Axes           | |  0.1
Dodging        | |  2.5
Stealth        | |  0.4
Invocations    | |  1.8

Action                   || total
-------------------------++-------
Melee: Falchion          ||    12
       Hand axe          ||    40
       Bite              ||     4
 Abil: Exsanguinate      ||     1
Armor: Ring mail         ||     8
       Leather armour    ||     3
       Chain mail        ||     1
Dodge: Dodged            ||    38
Block: Buckler           ||     2
